 Dungeon Crawl Stone Soup version 0.32-a0-768-g0f6f1dd4b9 (webtiles) character file.

Game seed: 14844435609963273456

1082 ezpacito the Chopper (level 8, -1/91 HPs)
             Began as a Coglin Chaos Knight on Mar 19, 2024.
             Was a Plaything of Xom.
             Slain by Sigmund
             ... wielding a +0 scythe
              (5 damage)
             ... on level 5 of the Dungeon.
             The game lasted 00:05:28 (3486 turns).

ezpacito the Chopper (Coglin Chaos Knight)          Turns: 3486, Time: 00:05:29

Health: -1/91      AC: 24    Str: 15      XL:     8   Next: 30%
Magic:  10/10      EV:  2    Int: 11 (12) God:    Xom [..*...]
Gold:   293        SH:  0    Dex: 13      Spells: 2/10 levels left

rFire   . . .        j - +4 club (chaos) {Carlos}
rCold   . . .        a - +0 hand axe (chaos) {Rubén}
rNeg    . . .        t - melded +2 leather armour {rPois}
rPois   +            c - melded +0 helmet
rElec   .            (cloak currently unavailable)
rCorr   .            (gloves currently unavailable)
SInv    .            (boots currently unavailable)
Will    .....        (no amulet)
Stlth   +            (no ring)
HPRegen 0.35/turn    (no ring)
MPRegen 0.12/turn    (no gizmo)

%: no passive effects
@: confused, tree-form
A: stationary, stasis, torment immunity, boosted hp, off-hand wielding, slow
wielding, warmup strikes, (no jewellery), deterioration 1, (cold vulnerability
1), persistent drain
a: Invent Gizmo, Renounce Religion


You were on level 5 of the Dungeon.
You worshipped Xom.
You were a toy of Xom.
You were a tree.
You visited 1 branch of the dungeon, and saw 5 of its levels.

You collected 293 gold pieces.

Inventory:

Hand Weapons
 a - a +0 hand axe of chaos (offhand) {Rubén}
 j - a +4 club of chaos (weapon) {Carlos}
 k - a +0 spear of flaming {Hayata}
Missiles
 o - 7 poisoned darts (quivered)
 q - 7 boomerangs
Armour
 c - a +0 helmet (melded)
 i - a +0 plate armour
 m - a +0 chain mail
 t - a +2 leather armour of poison resistance (melded)
Magical Staves
 d - a staff of air
 h - a staff of conjuration
 p - the staff of Ixzahi {rPois Str+6 Alchemy}
   (You found it on level 4 of the Dungeon)

   [staff of alchemy]

   Base accuracy: +5 Base damage: 5 Base attack delay: 1.2 This weapon's minimum
   attack delay (0.6) is reached at skill level 12.
   Str+6:     It affects your strength (+6).
   rPois:     It protects you from poison.
   Alchemy:   It increases the power of your Alchemy spells.
   It falls into the 'Staves' category.
   It is a one-graspered weapon.
Talismans
 r - a maw talisman
Scrolls
 b - a scroll of vulnerability {unknown}
 f - a scroll of fog {unknown}
 g - a scroll of enchant armour
 n - a scroll of immolation {unknown}
 s - 2 scrolls of fear {unknown}


   Skills:
 * Level 4.8 Fighting
 * Level 4.9(5.2) Axes
 + Level 2.2(3.6) Polearms
 * Level 4.0 Armour
 * Level 3.4 Dodging
 + Level 2.3 Stealth
 + Level 1.8 Spellcasting
 + Level 1.3 Alchemy
 + Level 1.6 Evocations


You had 2 spell levels left.
You knew the following spells:

 Your Spells              Type           Power      Damage    Failure   Level
a - Sting                 Conj/Alch      8%         1d3       22%         1
b - Mercury Vapours       Alch/Air       4%         N/A       34%         2
c - Kiss of Death         Conj/Necr      4%         2d5       30%         1
d - Olgreb's Toxic Radia  Alch           3%         N/A       86%         4

Your spell library contained the following spells:

 Spells                   Type           Power      Damage    Failure   Level
 Ensorcelled Hibernation  Hex/Ice        2%         N/A       41%         2
 Call Canine Familiar     Summ           1%         N/A       65%         3
 Confusing Touch          Hex            1%         N/A       65%         3
 Passwall                 Erth           1%         N/A       65%         3
 Sigil of Binding         Hex            1%         N/A       65%         3
 Swiftness                Air            1%         N/A       65%         3
 Dimensional Bullseye     Hex/Tloc       0%         N/A       96%         4
 Dispel Undead            Necr           1%         3d6       96%         4


Dungeon Overview and Level Annotations

Branches:
Dungeon (5/15)             Temple (0/1) D:4

Altars:

Shops:
D:4 :

Annotations:
D:3 2 transporters, Griffin23's ghost, amateur MiFi
D:5 Sigmund


Innate Abilities, Weirdness & Mutations

You are a tree.
Your roots penetrate the ground, keeping you stationary.
You cannot be teleported.
You are immune to unholy pain and torment.
Your maximum health is greatly increased.
Your equipment is partially melded.
You can wield a second weapon in your off-hand.
It takes a long time for you to wield or remove held weapons.
Your first few attacks do less damage.
((You cannot equip rings or amulets.))
Your body sometimes deteriorates upon taking damage.
((You are vulnerable to cold. (rC-)))
Your health recovers twice as slowly from being drained.


Message History

You cannot move.
You cannot move.
You cannot move.
You cannot move.
You swing at nothing.
You hear some strange, mumbled words.
A magic dart appears from out of thin air!
The magic dart hits you but does no damage.
You swing at nothing.
Something hits you!
* * * LOW HITPOINT WARNING * * *
You take 9 damage, and have 13/91 hp.
You swing at nothing.
You hear some strange, mumbled words.
You are confused.
Something hits you but does no damage.
Okay, then.
Okay, then.
You swing at nothing.
Something hits you.
* * * LOW HITPOINT WARNING * * *
You take 4 damage, and have 10/91 hp.
You aren't carrying any potions.
You are too confused!
You swing at nothing.
Something hits you but does no damage. What are your orders? t - Creak!
Anything else - Cancel.
Okay, then.
What are your orders? t - Creak!
Anything else - Cancel.
You creak for attention!
Your scorpion dissolves into shadows!
Something hits you.
* * * LOW HITPOINT WARNING * * *
You take 3 damage, and have 8/91 hp.
You cannot move. (Use ctrl+direction or * direction to attack while stationary and confused.)
You swing at nothing.
Something hits you.
* * * LOW HITPOINT WARNING * * *
You take 5 damage, and have 3/91 hp.
You swing at nothing.
Something hits you.
You die... "I guess I need a new plaything now."

# .# ### #. .... .
..[.. .#
.[$..########'####
.........#..{....#
.........#.♣.....#
......)..#.......#
.........)..≈.≈..+
.....###.#.).....#
..... #.#.......#
....
#.#.......#.## ...
#.####'####..##
##. #.# ##.#
..)####
#.###..#####.>...#


There were no monsters in sight!

Vanquished Creatures
  Eustachio (D:4)
  An orc warrior (D:4)
  An ogre (D:5)
  An ice beast (D:4)
  A scorpion (D:4)
  A killer bee (D:4)
  2 hounds (D:4)
  A jelly (D:4)
  2 iguanas
  An orc wizard (D:4)
  Robin (D:2)
  4 gnolls (D:4)
  4 adders
  3 dart slugs
  3 ribbon worms (D:3)
  8 orcs
  3 ball pythons
  7 endoplasms
  A giant cockroach (D:2)
  16 goblins
  9 hobgoblins
  6 quokkas
  5 bats
  2 frilled lizards
  6 kobolds
  2 rats
92 creatures vanquished.

Vanquished Creatures (collateral kills)
  An ogre (D:5)
  Dowan (D:5)
2 creatures vanquished.

Vanquished Creatures (others)
  Duvessa (D:5)
  An adder (D:3)
2 creatures vanquished.

Grand Total: 96 creatures vanquished

Notes
Turn   | Place    | Note
-------+----------+-------------------------------------------
     0 | D:1      | ezpacito the Coglin Chaos Knight began the quest for the
                  | Orb.
     0 | D:1      | Reached XP level 1. HP: 18/18 MP: 1/1
   115 | D:1      | Reached skill level 1 in Dodging
   130 | D:1      | Reached XP level 2. HP: 21/24 MP: 2/2
   281 | D:1      | XOM: silly message
   821 | D:2      | Noticed Robin
   826 | D:2      | Reached XP level 3. HP: 22/29 MP: 3/3
   848 | D:2      | Killed Robin
   958 | D:2      | XOM: silly message
   969 | D:2      | You fall into a shaft and drop 2 floors!
   970 | D:4      | Found a staircase to the Ecumenical Temple.
   981 | D:4      | Reached skill level 1 in Stealth
   981 | D:4      | Reached XP level 4. HP: 28/35 MP: 4/4
   991 | D:4      | XOM: divination: magic mapping
   992 | D:4      | XOM: divination: detect creatures
  1173 | D:4      | Found a large runed translucent door.
  1173 | D:4      | Found a large runed translucent door.
  1206 | D:4      | Reached XP level 5. HP: 40/41 MP: 4/6
  1229 | D:3      | XOM: enchant monster (good)
  1250 | D:3      | Reached skill level 1 in Polearms
  1292 | D:3      | XOM: chaos upgrade
  1383 | D:3      | Noticed Griffin23's ghost (amateur MiFi)
  1400 | D:3      | Found a transporter.
  1469 | D:3      | XOM: god gift: amethyst potion {god gift}
  1526 | D:3      | XOM: silly message
  1664 | D:2      | XOM: silly message
  1726 | D:2      | XOM: silly message
  1981 | D:3      | Found a transporter.
  2064 | D:3      | XOM: give mutations
  2064 | D:3      | Gained mutation: You have hidden genetic defects. [Xom's
                  | mischief]
  2064 | D:3      | Gained mutation: Your system is resistant to poisons.
                  | (rPois) [Xom's mischief]
  2064 | D:3      | Gained mutation: Your body sometimes deteriorates upon
                  | taking damage. [Xom's mischief]
  2093 | D:3      | Found a faded altar of an unknown god.
  2275 | D:3      | XOM: give mutations
  2275 | D:3      | Lost mutation: Your system is resistant to poisons. (rPois)
                  | [Xom's mischief]
  2275 | D:3      | Gained mutation: You are vulnerable to cold. (rC-) [Xom's
                  | mischief]
  2275 | D:3      | Lost mutation: You have hidden genetic defects. [Xom's
                  | mischief]
  2275 | D:3      | Gained mutation: Your health recovers twice as slowly from
                  | being drained. [Xom's mischief]
  2281 | D:4      | XOM: blink monster(s)
  2287 | D:4      | Reached skill level 1 in Spellcasting
  2287 | D:4      | Reached XP level 6. HP: 36/48 MP: 7/7
  2467 | D:4      | Found a large runed translucent door.
  2467 | D:4      | Found a large runed translucent door.
  2474 | D:4      | Noticed an ice beast
  2508 | D:4      | Identified the staff of Ixzahi {rPois Str+6 Alchemy}
  2525 | D:4      | Noticed Eustachio
  2632 | D:4      | Noticed an orc warrior
  2639 | D:4      | XOM: swap monsters
  2644 | D:4      | Killed an orc warrior
  2645 | D:4      | Reached XP level 7. HP: 11/54 MP: 8/8
  2844 | D:4      | Found Duaskar's Book Shoppe.
  2899 | D:4      | Learned a level 1 spell: Sting
  2902 | D:4      | Learned a level 2 spell: Mercury Vapours
  2904 | D:4      | Learned a level 1 spell: Kiss of Death
  2909 | D:4      | Learned a level 4 spell: Olgreb's Toxic Radiance
  3057 | D:4      | Killed Eustachio
  3060 | D:4      | Reached skill level 1 in Evocations
  3133 | D:5      | Entered Level 5 of the Dungeon
  3198 | D:5      | XOM: noise
  3201 | D:5      | XOM: summons 7 friendly demons
  3204 | D:5      | Reached skill level 1 in Alchemy
  3245 | D:5      | XOM: noise
  3392 | D:5      | XOM: noise
  3427 | D:5      | Reached XP level 8. HP: 23/61 MP: 10/10
  3427 | D:5      | Noticed Duvessa
  3431 | D:5      | XOM: confusion (+ monsters)
  3431 | D:5      | Noticed Dowan
  3438 | D:5      | XOM: summons 4 friendly demons
  3444 | D:5      | Killed Duvessa
  3447 | D:5      | Killed Dowan
  3462 | D:5      | Noticed Sigmund
  3485 | D:5      | HP: 3/91 [something (5)]
  3486 | D:5      | Slain by Sigmund

Illustrated notes

Levels and vault maps discovered:
D:1:      psy_arrival_basics, layout_basic, minmay_misc_feat_enclosed,
          kennysheep_small_spiral
D:2:      layout_rooms, uniq_robin
D:3:      layout_basic, gammafunk_ghost_arena,
          hellmonk_ecumenical_altar_arch_garden
D:4:      layout_rooms, minmay_temple_entry_ruins, serial_shops, shop,
          minmay_hollow_rounded_squares, uniq_eustachio
D:5:      layout_basic, kennysheep_generic_room_11, uniq_duvessa, uniq_sigmund

Skill      XL: |  1  2  3  4  5  6  7  8 |
---------------+-------------------------+-----
Dodging        | 1 2 3 |  3.4
Armour         | 2 3 4 |  4.0
Stealth        | 1 2 |  2.3
Polearms       | 1 2 |  2.2
Spellcasting   | 1 |  1.8
Axes           | 4 |  4.9
Fighting       | 4 |  4.8
Evocations     | 1 |  1.6
Alchemy        | 1 |  1.3

Action                     |  1- 3 |  4- 6 |  7- 9 || total
---------------------------+-------+-------+-------++-------
  Melee: Hand axe          |    69 |    92 |    39 ||   200
         Dagger            |    49 |       |       ||    49
         Spear             |    19 |    31 |       ||    50
         Club              |       |    67 |    36 ||   103
    Use: Potion            |     2 |     1 |     2 ||     5
         Scroll            |     1 |     4 |     3 ||     8
   Stab: Held in net/web   |     1 |       |       ||     1
         Confused          |       |     1 |     1 ||     2
         Petrified         |       |       |     4 ||     4
 Armour: Leather armour    |    30 |    22 |    24 ||    76
         Skin              |    27 |       |    13 ||    40
         Chain mail        |       |    49 |    13 ||    62
  Dodge: Dodged            |    33 |    43 |    15 ||    91

Table legend: (Time is in decaauts)
 A = Elapsed time spent in this place.
 B = Non-inter-level travel time spent in this place.
 C = Inter-level travel time spent in this place.
 D = Time resting spent in this place.
 E = Time spent auto-exploring this place.
 F = Levels seen in this place.
 G = Mean time per level.
                   A        B        C        D        E       F      G
               +--------+--------+--------+--------+--------+-----+--------+
         Total |   3511 |   3235 |    276 |    226 |   2356 |   5 |  702.2 |
       Dungeon |   3511 |   3235 |    276 |    226 |   2356 |   5 |  702.2 |
               +--------+--------+--------+--------+--------+-----+--------+

Top non-repeatable levels by time:
     D:4: 1166 daAuts
     D:1: 770 daAuts
     D:3: 735 daAuts
     D:2: 527 daAuts
     D:5: 311 daAuts
